 Dungeon Crawl Stone Soup version 0.32-a0-981-g384da2ce10 (webtiles) character file.

Game seed: 6407209833677237243

189 DrKenneth the Covered (level 5, -1/47 HPs)
             Began as a Minotaur Fighter on Apr 20, 2024.
             Killed by nerve-wracking pain
             ... invoked by Grinder
              (12 damage)
             ... on level 3 of the Dungeon.
             The game lasted 00:02:24 (1384 turns).

DrKenneth the Covered (Minotaur Fighter)            Turns: 1384, Time: 00:02:24

Health: -1/47      AC:  7    Str: 23    XL:     5   Next: 40%
Magic:  4/4        EV:  8    Int:  5    God:
Gold:   61         SH:  4    Dex:  9    Spells: 4/4 levels left

rFire   . . .        a - +0 war axe
rCold   . . .        c - +0 buckler
rNeg    . . .        b - +0 scale mail
rPois   .            (helmet restricted)
rElec   .            (no cloak)
rCorr   .            (no gloves)
SInv    .            (no boots)
Will    .....        (no amulet) Stlth
                     (no ring)
HPRegen 0.27/turn    (no ring)
MPRegen 0.09/turn

%: no passive effects
@: no status effects
A: horns 2, retaliatory headbutt
a: no special abilities


You were on level 3 of the Dungeon.
You visited 1 branch of the dungeon, and saw 3 of its levels.

You collected 61 gold pieces.

Inventory:

Hand Weapons
 a - a +0 war axe (weapon)
Armour
 b - a +0 scale mail (worn)
 c - a +0 buckler (worn)
Scrolls
 f - 4 scrolls of identify
 g - a scroll of teleportation {unknown}
 k - 2 scrolls of immolation {unknown}
Potions
 d - a potion of might
 e - 3 potions of invisibility
 h - 2 potions of curing
 i - 2 potions of ambrosia {unknown}
 j - a potion of attraction {unknown}
 l - 2 potions of enlightenment
 m - a potion of haste {unknown}
 n - a potion of cancellation {unknown}


   Skills:
 + Level 4.8 Fighting
 + Level 4.0 Axes
 + Level 4.9 Armour
 + Level 4.8 Shields


You had 4 spell levels left.
You didn't know any spells.
Your spell library contained the following spells:

 Spells                   Type           Power      Damage    Failure   Level
 Magic Dart               Conj           0%         1d3       83%         1
 Searing Ray              Conj           0%         2d4       93%         2
 Fulminant Prism          Conj/Alch      0%         3d5       100%        4


Dungeon Overview and Level Annotations

Branches:
Dungeon (3/15)

Altars:
Dithmenos

Annotations:
D:3 Grinder


Innate Abilities, Weirdness & Mutations

You have a pair of horns on your head.
You reflexively headbutt those who attack you in melee.


Message History

Grinder is lightly wounded.
Grinder hits you but does no damage.
You hit Grinder.
Grinder is moderately wounded.
You block Grinder's attack.
You hit Grinder but do no damage.
Grinder is moderately wounded.
Grinder gestures at you. You resist with significant effort.
You block Grinder's attack.
You completely miss Grinder. Your headbutt misses Grinder.
Grinder is moderately wounded.
Grinder gestures at you.
You suddenly lose the ability to move!
Grinder hits you but does no damage. Grinder gestures at you.
Pain shoots through your body! Grinder hits you.
You writhe in agony.
You can move again.
You hit Grinder.
Grinder is moderately wounded.
You block Grinder's attack.
You barely miss Grinder.
Grinder is moderately wounded.
You block Grinder's attack.
You barely miss Grinder. Your headbutt misses Grinder.
Grinder is moderately wounded.
Grinder hits you but does no damage. Grinder gestures at you.
You suddenly lose the ability to move!
Grinder hits you!
You writhe in agony.
Grinder hits you.
* * * LOW HITPOINT WARNING * * *
Grinder hits you but does no damage. x2
You can move again.
You barely miss Grinder. Your headbutt misses Grinder.
Grinder is moderately wounded.
Grinder gestures at you. Pain shoots through your body!
You die...
Grinder says, "Hey, I wasn't done torturing you yet!"

#.#....# ##...>..
##.#....## ####..#
#.(#.....## #...
#.##..##....# ##..
###!##.######># ##.
#..............#####
#.#.##.####.....†...
#.##.# #.......
#@##.# ###.....
#5##.# ####.) #.##.#
#..# ..##.# ....#.
.###.# <$####. .. #
#. .. #. #.. #.. #.#


You could see Grinder.

Vanquished Creatures
  A scorpion (D:2)
  A bombardier beetle (D:3)
  Terence (D:2)
  4 adders
  3 ribbon worms
  2 dart slugs
  An orc (D:3)
  5 ball pythons
  2 endoplasms (D:2)
  A hobgoblin (D:1)
  4 kobolds
  A quokka (D:1)
  5 bats
  A frilled lizard (D:1)
32 creatures vanquished.

Notes
Turn   | Place    | Note
-------+----------+-------------------------------------------
     0 | D:1      | DrKenneth the Minotaur Fighter began the quest for the Orb.
     0 | D:1      | Reached XP level 1. HP: 19/19 MP: 0/0
   197 | D:1      | Reached XP level 2. HP: 27/27 MP: 1/1
   593 | D:2      | Noticed a scorpion
   603 | D:2      | Killed a scorpion
   604 | D:2      | Reached XP level 3. HP: 22/34 MP: 2/2
   604 | D:2      | Reached XP level 4. HP: 27/41 MP: 3/3
   962 | D:2      | Noticed Terence
   970 | D:2      | Killed Terence
  1246 | D:3      | Reached XP level 5. HP: 36/47 MP: 4/4
  1247 | D:3      | Found a shadowy altar of Dithmenos.
  1363 | D:3      | Noticed Grinder
  1366 | D:3      | Paralysed by Grinder for 2 turns
  1373 | D:3      | Paralysed by Grinder for 4 turns
  1379 | D:3      | Paralysed by Grinder for 5 turns
  1384 | D:3      | Killed from afar by Grinder

Illustrated notes

Levels and vault maps discovered:
D:1:      reono_arrival_mine, layout_loops_ring
D:2:      layout_rooms, uniq_terence
D:3:      layout_rooms, nicolae_dithmenos_shadow_blocks, uniq_grinder

Skill      XL: |  1  2  3  4  5 |
---------------+----------------+-----
Fighting       | 4 |  4.8
Armour         | 4 |  4.9
Shields        | 4 |  4.8
Axes           | 3 4 |  4.0

Action                     |  1- 3 |  4- 6 || total
---------------------------+-------+-------++-------
  Melee: War axe           |    32 |    51 ||    83
         Headbutt          |     4 |     6 ||    10
    Use: Scroll            |       |     3 ||     3
 Armour: Scale mail        |    35 |    45 ||    80
  Dodge: Dodged            |    19 |    19 ||    38
  Block: Buckler           |    13 |    14 ||    27

Table legend: (Time is in decaauts)
 A = Elapsed time spent in this place.
 B = Non-inter-level travel time spent in this place.
 C = Inter-level travel time spent in this place.
 D = Time resting spent in this place.
 E = Time spent auto-exploring this place.
 F = Levels seen in this place.
 G = Mean time per level.
                   A        B        C        D        E       F      G
               +--------+--------+--------+--------+--------+-----+--------+
         Total |   1413 |   1369 |     44 |    264 |    870 |   3 |  471.0 |
       Dungeon |   1413 |   1369 |     44 |    264 |    870 |   3 |  471.0 |
               +--------+--------+--------+--------+--------+-----+--------+

Top non-repeatable levels by time:
     D:2: 699 daAuts
     D:1: 547 daAuts
     D:3: 166 daAuts
